[Event "FIDE Grand Swiss 2023"]
[Site "Villa Marina, Douglas, Isle of Man, Isle Of Man"]
[Date "2023.10.26"]
[Round "2.1"]
[White "Caruana, Fabiano"]
[Black "Niemann, Hans Moke"]
[Result "1-0"]
[TimeControl "40/90 + 30 + 30s/move"]
[WhiteFideId "2020009"]
[BlackFideId "2093596"]
[WhiteElo "2786"]
[BlackElo "2667"]

1. e4 e5 2. Nf3 Nc6 3. Bb5 Nf6 4. d3 Bc5 5. Bxc6 dxc6 6. h3 Nd7 7. Nc3 O-O 8. Be3 Bd6 9. O-O Re8 10.
Nd2 Nf8 11. Nc4 Ng6 12. d4 Be6 13. Nxd6 cxd6 14. d5 cxd5 15. Nxd5 Qd7 16. Qd3 Bxd5 17. Qxd5 Ne7 18. Qd3 d5 19.
exd5 Qxd5 20. Rfd1 Red8 21. Qe2 Qa5 22. Qg4 Qa6 23. Rxd8+ Rxd8 24. Rd1 Ra8 25. Rd7 Ng6 26. Qf3 Qxa2 27.
b3 Nh8 28. Qxb7 Re8 29. Qc6 h6 30. Rxa7 Qb1+ 31. Kh2 Rf8 32. Qc4 Rd8 33. b4 Rb8 34. c3 Rd8 35. Qa2 Qe4 36. b5 Kh7 37.
b6 f5 38. Qa4 Qb1 39. Qh4 Rd6 40. Qe7 Rg6 41. Qxe5 1-0

[Event "FIDE Grand Swiss 2023"]
[Site "Villa Marina, Douglas, Isle of Man, Isle Of Man"]
[Date "2023.10.26"]
[Round "2.2"]
[White "Bacrot, Etienne"]
[Black "Rapport, Richard"]
[Result "1/2-1/2"]
[TimeControl "40/90 + 30 + 30s/move"]
[WhiteFideId "605506"]
[BlackFideId "738590"]
[WhiteElo "2669"]
[BlackElo "2752"]

1. e4 c6 2. d4 d5 3. e5 Bf5 4. Nf3 e6 5. Be2 Nd7 6. O-O a5 7. a4 f6 8. exf6 Ngxf6 9. Bf4 Nh5 10.
Be5 Nxe5 11. Nxe5 Nf4 12. Bg4 Bd6 13. Bxf5 Bxe5 14. dxe5 exf5 15. Nd2 O-O 16. Nf3 Qb6 17. Qd2 Ne6 18.
c3 f4 19. Rfe1 Rad8 20. Nd4 c5 21. Nxe6 Qxe6 22. f3 Rf5 23. Qe2 Re8 24. Qb5 b6 25. h3 Qg6 26. Qd7 Qe6 27. Qb5 Qg6 28.
Qd7 Rfxe5 29. Rxe5 Rxe5 30. Qd8+ Qe8 31. Qxb6 Re1+ 32. Rxe1 Qxe1+ 33. Kh2 1/2-1/2

[Event "FIDE Grand Swiss 2023"]
[Site "Villa Marina, Douglas, Isle of Man, Isle Of Man"]
[Date "2023.10.26"]
[Round "2.3"]
[White "Aronian, Levon"]
[Black "Cheparinov, Ivan"]
[Result "1/2-1/2"]
[TimeControl "40/90 + 30 + 30s/move"]
[WhiteFideId "13300474"]
[BlackFideId "2905540"]
[WhiteElo "2742"]
[BlackElo "2658"]

1. c4 e5 2. g3 Nf6 3. Bg2 c6 4. d4 Bb4+ 5. Bd2 Bxd2+ 6. Qxd2 d6 7. Nc3 O-O 8. d5 Qe7 9. Rd1 Rd8 10.
b3 cxd5 11. Nxd5 Nxd5 12. Qxd5 Nc6 13. e3 Be6 14. Qd2 e4 15. Bxe4 d5 16. cxd5 Bxd5 17. Bxd5 Nb4 18. Qb2 Nxd5 19.
Ne2 Qb4+ 20. Rd2 Qe4 21. O-O Nxe3 22. Rxd8+ Rxd8 23. fxe3 Qxe3+ 24. Rf2 Rd2 25. Qc3 Rxe2 26. Qc8+ Qe8 27.
Qxb7 Re1+ 28. Kg2 h5 29. h4 a5 30. Kh2 Re7 31. Qf3 1/2-1/2

[Event "FIDE Grand Swiss 2023"]
[Site "Villa Marina, Douglas, Isle of Man, Isle Of Man"]
[Date "2023.10.26"]
[Round "2.4"]
[White "Predke, Alexandr"]
[Black "Duda, Jan-Krzysztof"]
[Result "1-0"]
[TimeControl "40/90 + 30 + 30s/move"]
[WhiteFideId "24107581"]
[BlackFideId "1170546"]
[WhiteElo "2656"]
[BlackElo "2726"]

1. d4 Nf6 2. c4 e6 3. Nf3 d5 4. Nc3 dxc4 5. e4 Bb4 6. Bxc4 Nxe4 7. O-O Nf6 8. Qc2 O-O 9. Rd1 Nbd7 10.
Ne5 Be7 11. Rd3 Nb6 12. Bb3 Nfd5 13. Rh3 f5 14. Qe2 Qe8 15. Bd2 a5 16. a4 Bf6 17. Re1 c6 18. g4 Bxe5 19. dxe5 Bd7 20.
gxf5 Rxf5 21. Ne4 Qe7 22. Qg4 Rxe5 23. Bc2 Nc4 24. Bg5 Qb4 25. Re2 g6 26. Qh4 h5 27. Qg3 Qxb2 28. Nf6+ Kg7 29.
Nxh5+ gxh5 30. Bh6+ Kf7 31. Qg7+ 1-0

[Event "FIDE Grand Swiss 2023"]
[Site "Villa Marina, Douglas, Isle of Man, Isle Of Man"]
[Date "2023.10.26"]
[Round "2.5"]
[White "Yu, Yangyi"]
[Black "Shirov, Alexei"]
[Result "1/2-1/2"]
[TimeControl "40/90 + 30 + 30s/move"]
[WhiteFideId "8603820"]
[BlackFideId "2209390"]
[WhiteElo "2720"]
[BlackElo "2655"]

1. d4 d5 2. c4 c6 3. Nf3 Nf6 4. Nc3 e6 5. cxd5 exd5 6. Qc2 g6 7. h3 Bf5 8. Qb3 Qb6 9. g4 Qxb3 10.
axb3 Be6 11. Bg2 h5 12. g5 Nfd7 13. Bf4 Be7 14. h4 O-O 15. Bh3 Bxh3 16. Rxh3 Rd8 17. e3 Nf8 18. Ne5 Ne6 19.
Rf3 Nd7 20. Bg3 Nxe5 21. Bxe5 Bd6 22. Bxd6 Rxd6 23. Rf6 Rd7 24. b4 Nc7 25. Ra5 a6 26. Ra1 Ne8 27. Rf4 Nd6 28. Na4 Re7 29.
Nc5 Kg7 30. Ke2 Rae8 31. Kd3 Ne4 32. Rh1 Nd6 33. b3 Ne4
34. Re1 Nd6 35. Rh1 Ne4 36. Nxe4 Rxe4 37. Rxe4 dxe4+ 38. Ke2 f6 39. Rg1 f5 40. Rc1 Rd8 41. f3 1/2-1/2

[Event "FIDE Grand Swiss 2023"]
[Site "Villa Marina, Douglas, Isle of Man, Isle Of Man"]
[Date "2023.10.26"]
[Round "2.6"]
[White "Abdusattorov, Nodirbek"]
[Black "Narayanan.S.L"]
[Result "1/2-1/2"]
[TimeControl "40/90 + 30 + 30s/move"]
[WhiteFideId "14204118"]
[BlackFideId "5058422"]
[WhiteElo "2716"]
[BlackElo "2651"]

1. d4 Nf6 2. c4 e6 3. Nf3 d5 4. Nc3 c5 5. Bf4 cxd4 6. Nxd4 Nbd7 7. Qa4 Bc5 8. Nb3 O-O 9. Nxc5 Nxc5 10.
Qa3 b6 11. e3 Bb7 12. Rd1 Qe7 13. Be2 e5 14. Bg5 dxc4 15. O-O Qe6 16. Bxf6 gxf6 17. Rd2 Kh8 18. f3 Rg8 19. Qb4 Nd3 20.
Bxd3 cxd3 21. e4 Rgd8 22. Rfd1 Rd4 23. Qb3 Qxb3 24. axb3 Rad8 25. Kf2 a5 26. Ra1 Kg7 27. Ke3 Bc8 28.
Nd5 Be6 29. Nxb6 Rb4 30. Na4 Bxb3 31. Nc5 Bc2 32. Rxa5 Rxb2 33. Ra3 1/2-1/2

[Event "FIDE Grand Swiss 2023"]
[Site "Villa Marina, Douglas, Isle of Man, Isle Of Man"]
[Date "2023.10.26"]
[Round "2.7"]
[White "Anton Guijarro, David"]
[Black "Erigaisi, Arjun"]
[Result "0-1"]
[TimeControl "40/90 + 30 + 30s/move"]
[WhiteFideId "2285525"]
[BlackFideId "35009192"]
[WhiteElo "2653"]
[BlackElo "2712"]

1. c4 e6 2. g3 d5 3. Bg2 Nf6 4. Nf3 d4 5. d3 Nc6 6. O-O Bc5 7. Na3 O-O 8. Nc2 a5 9. b3 e5 10.
Bg5 h6 11. Bxf6 Qxf6 12. a3 Qe7 13. Qc1 Bg4 14. Re1 Ra6 15. Rb1 Rb6 16. Nd2 f5 17. Bd5+ Kh8 18. Nf3 Qf6 19. Qd2 Ne7 20.
Qxa5 Bd6 21. Nb4 Rxb4 22. axb4 c6 23. Qb6 cxd5 24. c5 Bb8 25. Qxf6 gxf6 26. Ra1 f4 27. Ra8 fxg3 28. fxg3 Bd7 29.
Rea1 Kg7 30. Kf2 Nf5 31. R1a5 e4 32. Nh4 Nxh4 33. gxh4 Kf7 34. b5 Rg8 35. dxe4 dxe4 36. R5a7 Bxa7 37.
Rxa7 Bh3 38. c6 Ke6 39. c7 e3+ 40. Kf3 Ke5 0-1

[Event "FIDE Grand Swiss 2023"]
[Site "Villa Marina, Douglas, Isle of Man, Isle Of Man"]
[Date "2023.10.26"]
[Round "2.8"]
[White "Melkumyan, Hrant"]
[Black "Maghsoodloo, Parham"]
[Result "1/2-1/2"]
[TimeControl "40/90 + 30 + 30s/move"]
[WhiteFideId "13302485"]
[BlackFideId "12539929"]
[WhiteElo "2650"]
[BlackElo "2707"]

1. Nf3 d5 2. e3 Nf6 3. c4 e6 4. Nc3 Bd6 5. b3 O-O 6. Bb2 Nc6 7. Be2 Re8 8. Nb5 e5 9. cxd5 Nxd5 10.
Nxd6 Qxd6 11. d4 e4 12. Ne5 Qb4+ 13. Qd2 Nxe5 14. dxe5 Qxd2+ 15. Kxd2 Rd8 16. Rhc1 b6 17. Ke1 c5 18.
a3 a5 19. Bd1 Bf5 20. Bc2 h5 21. Rd1 b5 22. Rac1 h4 23. Bb1 Rac8 24. Rd2 Rd7 25. Rdc2 Rdc7 26. Rd2 Rd7 27. Rdc2 Rdc7 28.
Rd2 Rd7 29. Rdc2 Rdc7 30. Rd2 Rd7 1/2-1/2

[Event "FIDE Grand Swiss 2023"]
[Site "Villa Marina, Douglas, Isle of Man, Isle Of Man"]
[Date "2023.10.26"]
[Round "2.9"]
[White "Sevian, Samuel"]
[Black "Aravindh, Chithambaram Vr."]
[Result "1/2-1/2"]
[TimeControl "40/90 + 30 + 30s/move"]
[WhiteFideId "2040506"]
[BlackFideId "5072786"]
[WhiteElo "2698"]
[BlackElo "2649"]

1. e4 c5 2. Nf3 e6 3. d4 cxd4 4. Nxd4 Nf6 5. Nc3 Nc6 6. a3 Be7 7. Nxc6 bxc6 8. e5 Nd5 9. Qg4 Kf8 10.
Bd2 Qc7 11. Qg3 h5 12. h4 Rb8 13. Na4 c5 14. c4 Nb6 15. Nxb6 Qxb6 16. Bc3 Bb7 17. Rd1 Bc6 18. Bd3 Qd8 19.
Bc2 Rg8 20. Bh7 Rh8 21. Bc2 Rg8 22. f4 f5 23. Rd2 Kf7 24. Bd1 g6 25. Kf2 Qc8 26. Bf3 Ba4 27. Bd1 Bc6 28. Bf3 Ba4 29.
Bd1 1/2-1/2

[Event "FIDE Grand Swiss 2023"]
[Site "Villa Marina, Douglas, Isle of Man, Isle Of Man"]
[Date "2023.10.26"]
[Round "2.10"]
[White "Najer, Evgeniy"]
[Black "Martirosyan, Haik M."]
[Result "1/2-1/2"]
[TimeControl "40/90 + 30 + 30s/move"]
[WhiteFideId "4118987"]
[BlackFideId "13306553"]
[WhiteElo "2648"]
[BlackElo "2696"]

1. e4 e5 2. Nf3 Nc6 3. Bc4 Bc5 4. c3 Nf6 5. d3 O-O 6. O-O d5 7. exd5 Nxd5 8. Re1 Bg4 9. Nbd2 Nb6 10.
h3 Bh5 11. Bb3 Qxd3 12. Nxe5 Qf5 13. Nef3 Rad8 14. Qe2 Nd5 15. Ne4 Bxf3 16. Qxf3 Qxf3 17. gxf3 Bb6 18. Kf1 h6 19. a4 a5 20.
Bxh6 Nxc3 21. Nf6+ Kh8 22. bxc3 gxh6 23. Rad1 Rxd1 24. Rxd1 Rd8 25. Rd7 Rxd7 26. Nxd7 Ba7 27. Bxf7 Nb8 28.
Ne5 Na6 29. Bb3 Nc5 30. Bc2 c6 31. f4 Bb8 32. Ke2 Kg7 33. Ke3 Bc7 1/2-1/2

[Event "FIDE Grand Swiss 2023"]
[Site "Villa Marina, Douglas, Isle of Man, Isle Of Man"]
[Date "2023.10.26"]
[Round "2.11"]
[White "Fedoseev, Vladimir"]
[Black "L'ami, Erwin"]
[Result "0-1"]
[TimeControl "40/90 + 30 + 30s/move"]
[WhiteClock "00:12:41"]
[BlackClock "00:03:19"]
[WhiteFideId "24130737"]
[BlackFideId "1007998"]
[WhiteElo "2691"]
[BlackElo "2627"]

1. d4 d5 2. c4 c6 3. Nf3 Nf6 4. e3 Bf5 5. Nc3 e6 6. Nh4 Bg6 7. Be2 Nbd7 8. O-O Be7 9. g3 dxc4 10.
Bxc4 Bh5 11. Be2 Bxe2 12. Qxe2 c5 13. dxc5 Nxc5 14. Rd1 Qb6 15. e4 Qc6 16. e5 Nfe4 17. Nb5 O-O 18. Nf3 Rad8 19.
Nfd4 Qb6 20. b4 Na4 21. Qxe4 a6 22. Qg4 h5 23. Qxh5 axb5 24. Be3 Qa6 25. Qg4 Rfe8 26. Rdc1 Nb2 27.
Nf3 Nc4 28. Bh6 Bf8 29. Bg5 Rd5 30. Bf6 Qa3 31. Re1 Qd3 32. Re4 Nd2 33. Nxd2 Qxd2 34. Bg5 Qb2 35. Rae1 Rc8 36. a3 Qxa3 37.
Qh3 Rc4 38. R4e3 Qxb4 39. Qh5 Qc5 40. Rf3 g6 41. Qh3 Rxe5 42. Be3 Qd5 43. g4 Ree4 44. Rg3 Bd6 45. Rg2 Bf4 46. Ra1 Ra4 47. Rc1 Rec4 48. Rf1 Qe5 49. Bxf4 Qxf4 50.
Rg3 Rc1 51. Rxc1 Qxc1+ 52. Qf1 Rc4 53. Qxc1 Rxc1+ 54. Kg2 b4 55. Rd3 Rc5 56. h4 Rb5 57. Rb3 Kf8 58. Kf3 Ke7 59.
Ke3 Kd6 60. Kd2 Rd5+ 61. Kc2 Rd4 62. Rg3 Rc4+ 63. Kb2 Ke5 64. f3 Kf4 65. Rh3 f5 66.
gxf5 Kxf5 67. h5 Rc3 68. h6 Rc8 69.
Kb3 Rh8 70. h7 Kf6 71. Rh4 Kg7 72. Rxb4 Rxh7 73. Kc2 Kf6 74. Kd3 Ke5 75. Rg4 Rf7 76. Ke3 Rg7 77. Rg5+ Kd6 78. Ke4 e5 79.
Rg1 b5 80. Rd1+ Ke6 81. Rd5 Rb7 82. Rxe5+ Kf6 83. Rc5 b4 84. Rc6+ Kf7 85. Rc2 b3 86. Rb2 Kf6 87. Kd3 Kf5 88.
Ke3 g5 89. Ke2 Kf4 90. Kf2 Rb5 91.
Rb1 b2 92. Ke2 Rb3 0-1

[Event "FIDE Grand Swiss 2023"]
[Site "Villa Marina, Douglas, Isle of Man, Isle Of Man"]
[Date "2023.10.26"]
[Round "2.12"]
[White "Huschenbeth, Niclas"]
[Black "Sargissian, Gabriel"]
[Result "1/2-1/2"]
[TimeControl "40/90 + 30 + 30s/move"]
[WhiteFideId "24604747"]
[BlackFideId "13300881"]
[WhiteElo "2605"]
[BlackElo "2686"]

1. e4 e5 2. Nf3 Nc6 3. Bb5 a6 4. Ba4 Nf6 5. O-O Be7 6. Re1 b5 7. Bb3 O-O 8. h3 Bb7 9. d3 d5 10.
exd5 Nxd5 11. Nbd2 Nd4 12. c3 Nxb3 13. Nxb3 c5 14. Nxe5 Qc7 15. Bd2 Bd6 16. Nf3 Rad8 17. d4 c4 18.
Nc5 Bxc5 19. dxc5 Nf6 20. Nd4 Ne4 21. c6 Bxc6 22. Qc2 Nc5 23. Bg5 f6 24. Bh4 Qd7 25. f3 Bd5 26. Re2 Nd3 27.
Bg3 Rfe8 28. Qd2 Bf7 29. Kh2 Bg6 30. b3 Rxe2 31. Nxe2 Bf7 32. bxc4 Bxc4 33. Rd1 Nc5 34. Nd4 Ne6 35.
a3 Nxd4 36. Qxd4 Qxd4 37. Rxd4 Rxd4 38. cxd4 Kf7 39. Be1 Ke6 40. Kg3 Kd5 41. Bc3 Bd3 42. Kf2 Kc4 43. Bb4 Kxd4 44. f4 Kc4 45.
Ke3 Bf5 46. h4 h5 47. g3 Bb1 48. Kd2 Kb3 49. Kc1 Be4 50. Kd2 Bh7 51. Kc1 Bf5 52. Kd2 Kb2 53. Kd1 a5 54. Bxa5 Kxa3 55.
Bd8 b4 56. Be7 Kb3 57. Bf8 Kc3 58. Bxg7 b3 1/2-1/2

[Event "FIDE Grand Swiss 2023"]
[Site "Villa Marina, Douglas, Isle of Man, Isle Of Man"]
[Date "2023.10.26"]
[Round "2.13"]
[White "Tabatabaei, M. Amin"]
[Black "Kuybokarov, Temur"]
[Result "1/2-1/2"]
[TimeControl "40/90 + 30 + 30s/move"]
[WhiteFideId "12521213"]
[BlackFideId "14203049"]
[WhiteElo "2685"]
[BlackElo "2584"]

1. c4 c5 2. Nf3 Nf6 3. Nc3 e6 4. e4 Nc6 5. d4 cxd4 6. Nxd4 Bc5 7. Nb3 Bb4 8. Bd3 O-O 9. O-O Ne5 10.
f4 Nxd3 11. Qxd3 d6 12. Bd2 b6 13. a3 Bxc3 14. Bxc3 Ba6 15. Nd4 Qc7 16. Nb5 Bxb5 17. cxb5 Rac8 18. Bxf6 gxf6 19. Qg3+ Kh8 20.
Qh4 Qc5+ 21. Kh1 Rg8 22. Qxf6+ Rg7 23. Rg1 Qxb5 24. Rac1 Rc4 25. Rcd1 Qc6 26. Qd8+ Rg8 27. Qf6+ Rg7 28.
Rd3 Rc1 29. Qd8+ Rg8 30. Qf6+ Rg7 31. Qd8+ Rg8 32. Qxd6 Qxe4 33. Qd4+ Qxd4 34. Rxd4 Rc2 35. Rd7 Kg7 36. b4 Ra8 37.
h3 a5 38. b5 Rb2 39. Re1 Kf6 40. f5 Rg8 41. fxe6 fxe6 42. g4 h5 43. Rd6 hxg4 44. Rxb6 gxh3 45. Rbxe6+ Kf5 46. R6e5+ Kf4 47.
R1e4+ Kf3 48. Re3+ Kf2 49. Kh2 Rh8 50. b6 Rxb6 51. Re2+ Kf1 52. Rc2 Rg6 53. Rf5+ 1/2-1/2

[Event "FIDE Grand Swiss 2023"]
[Site "Villa Marina, Douglas, Isle of Man, Isle Of Man"]
[Date "2023.10.26"]
[Round "2.14"]
[White "Jumabayev, Rinat"]
[Black "Esipenko, Andrey"]
[Result "0-1"]
[TimeControl "40/90 + 30 + 30s/move"]
[WhiteFideId "13702661"]
[BlackFideId "24175439"]
[WhiteElo "2585"]
[BlackElo "2683"]

1. d4 d5 2. c4 c6 3. e3 Nf6 4. Qc2 g6 5. Nf3 Bg7 6. Be2 c5 7. cxd5 cxd4 8. Nxd4 O-O 9. O-O Nxd5 10.
Rd1 Nd7 11. e4 Nb4 12. Qb3 Qa5 13. a3 Nc6 14. Nxc6 bxc6 15. Qc2 Qc5 16. Nc3 Bd4 17. Bf1 Nf6 18. h3 Be6 19. Bf4 Rfd8 20.
Rac1 a5 21. Qe2 Qa7 22. e5 Nh5 23. Bh2 Bb3 24. Re1 Ng7 25. Qf3 Qb6 26. Bg3 Nf5 27. Bf4 Rac8 28. g4 Ng7 29. Bg3 Ne6 30.
h4 Bxc3 31. bxc3 Qc5 32. Qe3 a4 33. h5 Qxa3 34. hxg6 fxg6 35. f4 Qc5 36. f5 Qxe3+ 37. Rxe3 Ng5 38. Bf4 h6 39. e6 Rf8 40. Bd3 Rcd8 41. Ra1 Rd5 42. Kg2 gxf5 43. gxf5 Rdxf5 44. Bxf5 Rxf5 45. Bd6 Bd5+ 46.
Kh2 exd6 47. e7 Bf7 48. e8=Q+ Bxe8 49. Rxe8+ Kf7 50. Rc8 Rc5 51. Rxa4 Rxc3 52. Kg2 c5 53. Rh4 Kg7 54. Rc7+ Kg6 55.
Rc8 Kf5 56. Rf8+ Ke5 57. Re8+ Kd5 58. Rxh6 Ne4 59. Rh4 Re3 60. Rc8 c4 61. Rf4 c3 62. Rf5+ Kd4 63. Ra5 Nc5 64. Ra2 Kd3 65.
Ra3 Kd2 66. Rd8 Rd3 67. Rf8 Ne4 68. Ra4 d5 69. Rf1 c2 70. Raa1 d4 0-1

[Event "FIDE Grand Swiss 2023"]
[Site "Villa Marina, Douglas, Isle of Man, Isle Of Man"]
[Date "2023.10.26"]
[Round "2.15"]
[White "Sarana, Alexey"]
[Black "Royal, Shreyas"]
[Result "1-0"]
[TimeControl "40/90 + 30 + 30s/move"]
[WhiteFideId "24133795"]
[BlackFideId "448869"]
[WhiteElo "2682"]
[BlackElo "2407"]

1. d4 d5 2. c4 dxc4 3. Nf3 Nf6 4. Qa4+ Nc6 5. Qxc4 Nd5 6. a3 g6 7. Bg5 Bg7 8. e3 Nb6 9. Qc3 Qd5 10.
Bf4 Bg4 11. Nbd2 Rc8 12. h3 Bf5 13. Be2 O-O 14. O-O Rfd8 15. Nc4 Nb8 16. b4 c5 17. bxc5 Rxc5 18. Nxb6 axb6 19. Qb4 Rc2 20.
Bd1 Rc4 21. Qxb6 Bd3 22. Re1 Rdc8 23. Bb3 Qc6 24. Qa5 b6 25. Qd2 Rc3 26. Qa2 Bc4 27. Bxc4 Rxc4 28. Bxb8 Rxb8 29. Rab1 b5 30.
Rb3 Bf6 31. Qd2 Rc2 32. Qd3 Ra8 33. Reb1 Ra2 34. Qxb5 Qxb5 35. Rxb5 R8xa3 36. g4 h6 37. h4 e6 38. Rb7 Ra1 39.
Rxa1 Rxa1+ 40. Kg2 Ra5 41. e4 Kf8 42. Rb8+ Kg7 43. Re8 Ra7 44. Rb8 Ra4 45. e5 Be7 46. Rb3 Ra5 47. Rb7 Kf8 48.
Rb8+ Kg7 49. Re8 Ra7 50. Kg3 Rd7 51. Ra8 Rc7 52. Kg2 Rc3 53. Ra4 Rd3 54. h5 gxh5 55. gxh5 Bg5 56. Ra1 Bf4 57.
Re1 Bg5 58. Re2 Rd1 59. Re4 Bd8 60. Re1 Rd3 61. Rb1 Bg5 62. Rb2 Bc1 63. Rc2 Bf4 64. Rc4 Bg5 65. Ng1 Bd8 66. f4 Ba5 67.
Nf3 Bd2 68. Kg3 Be3 69. Kg4 Bf2 70. Ra4 Kf8 71. Ra8+ Kg7 72. Rd8 Re3 73. d5 exd5 74. Rxd5 f5+ 75. exf6+ Kxf6 76. Rd2 Be1 77. Rd6+ Kg7 78. Rc6 Kh7 79. Rc7+ Kg8 80. Rc8+ Kh7 81.
Rc6 Rc3 82. Rxc3 Bxc3 83. Kf5 Kg7 84. Ke6 Bf6 85. f5 Bd8 86. Ne5 Ba5 87. f6+ Kg8 88. Ke7 Bb4+ 89. Ke8 Kh7 90. Ng6 Bc3 91.
f7 Bg7 92. Ne7 Kh8 93. Nf5 1-0

[Event "FIDE Grand Swiss 2023"]
[Site "Villa Marina, Douglas, Isle of Man, Isle Of Man"]
[Date "2023.10.26"]
[Round "2.16"]
[White "Zhalmakhanov, Ramazan"]
[Black "Amin, Bassem"]
[Result "1-0"]
[TimeControl "40/90 + 30 + 30s/move"]
[WhiteFideId "13706357"]
[BlackFideId "10601457"]
[WhiteElo "2447"]
[BlackElo "2680"]

1. e4 e5 2. Nf3 Nc6 3. Bb5 a6 4. Ba4 Nf6 5. O-O Be7 6. Re1 b5 7. Bb3 d6 8. c3 O-O 9. h3 Nb8 10.
d4 Nbd7 11. c4 c6 12. Qc2 Bb7 13. a3 exd4 14. Nxd4 Ne5 15. cxb5 axb5 16. Bf4 b4 17. a4 Nh5 18. Bxe5 dxe5 19.
Nf5 Nf4 20. Nd2 g6 21. Ne3 Ba6 22. Bc4 Bc5 23. Nf3 Qe7 24.
Ng4 b3 25. Qc1 Bd6 26. Bxa6 Rxa6 27. Qc4 Rfa8 28. Red1 Kg7 29. g3 Nxh3+ 30. Kg2 Ng5 31. Rxd6 Qxd6 32. Nxg5 R6a7 33. Nf3 Qe6 34.
Qxe6 fxe6 35. Ra3 Rxa4 36. Rxb3 R8a7 37. Ng5 Re7 38. Nxe5 Kf6 39. Nxc6 Rc7 40. f4 h6 41. e5+ Kf5 42.
Kf3 1-0

[Event "FIDE Grand Swiss 2023"]
[Site "Villa Marina, Douglas, Isle of Man, Isle Of Man"]
[Date "2023.10.26"]
[Round "2.17"]
[White "Sadhwani, Raunak"]
[Black "Nakamura, Hikaru"]
[Result "1/2-1/2"]
[TimeControl "40/90 + 30 + 30s/move"]
[WhiteFideId "35093487"]
[BlackFideId "2016192"]
[WhiteElo "2641"]
[BlackElo "2780"]

1. e4 c5 2. c3 d5 3. exd5 Qxd5 4. d4 g6 5. Nf3 Bg7 6. Na3 cxd4 7. Nb5 Na6 8. Be3 Nf6 9. Qxd4 O-O 10.
Be2 b6 11. O-O Bb7 12. Qh4 Qc6 13. Nbd4 Qc8 14. Bh6 Nc5 15. Rfe1 a6 16. Ne5 b5 17. Bf3 Bxf3 18. Ndxf3 Ne6 19.
h3 Rb8 20. Re2 Rb7 21. Rae1 Rb6 22. Re3 Rd6 23. R3e2 Rb6 24. Re3 Rd6 25. R3e2 Rb6 1/2-1/2

[Event "FIDE Grand Swiss 2023"]
[Site "Villa Marina, Douglas, Isle of Man, Isle Of Man"]
[Date "2023.10.26"]
[Round "2.18"]
[White "Firouzja, Alireza"]
[Black "Mamedov, Rauf"]
[Result "1-0"]
[TimeControl "40/90 + 30 + 30s/move"]
[WhiteFideId "12573981"]
[BlackFideId "13401653"]
[WhiteElo "2777"]
[BlackElo "2640"]

1. c4 c5 2. Nf3 g6 3. e4 Nc6 4. d4 cxd4 5. Nxd4 Nf6 6. Nc3 Nxd4 7. Qxd4 d6 8. Be2 Bg7 9. O-O O-O 10.
Qd3 a6 11. Bg5 Be6 12. b3 Nd7 13. Qe3 Re8 14. Rac1 Qa5 15. Kh1 f6 16. Bh4 Rac8 17. f4 Bh6 18. Nd5 Bxd5 19. exd5 Nf8 20.
Qc3 Qxc3 21. Rxc3 Nd7 22. Re3 a5 23. Be1 a4 24. bxa4 Ra8 25. a5 Bf8 26. Bb4 Rec8 27. a3 b6 28.
axb6 Nxb6 29. Rc3 f5 30. Rd1 Na4 31. Rc2 h5 32. h3 h4 33. Be1 Nc5 34. Bxh4 Rxa3 35. Bf3 Kf7 36. Re1 Rc7 37.
Bg5 Bg7 38. Kh2 Bf6 39. h4 Nd3 40. Re6 Nc5 41. Bxf6 Rxf3 42. Rxe7+ Rxe7 43. Bxe7 Rxf4 44. g3 Rd4 45. Bxd6 Nd7 46.
Bc7 Nf6 47. Bf4 Ng4+ 48. Kh3 Re4 1-0

[Event "FIDE Grand Swiss 2023"]
[Site "Villa Marina, Douglas, Isle of Man, Isle Of Man"]
[Date "2023.10.26"]
[Round "2.19"]
[White "Svane, Rasmus"]
[Black "Giri, Anish"]
[Result "0-1"]
[TimeControl "40/90 + 30 + 30s/move"]
[WhiteFideId "4657101"]
[BlackFideId "24116068"]
[WhiteElo "2646"]
[BlackElo "2760"]

1. d4 Nf6 2. c4 e6 3. Nf3 b6 4. g3 Ba6 5. b3 Bb4+ 6. Bd2 Be7 7. Bg2 O-O 8. O-O d5 9. cxd5 exd5 10.
Nc3 Nbd7 11. Ne5 Bb7 12. Bf4 Re8 13. Rc1 Nf8 14. Nb5 c5 15. dxc5 bxc5 16. Nc4 Ne6 17. Be5 Ng4 18. Ncd6 Bc6 19.
Nxe8 Nxe5 20. Nec7 Nxc7 21. Nxc7 Qxc7 22. Bxd5 Rd8 23. e4 Bb5 24. f4 Bxf1 25. fxe5 Bb5 26. Qh5 g6 27. Bxf7+ Kg7 0-1

[Event "FIDE Grand Swiss 2023"]
[Site "Villa Marina, Douglas, Isle of Man, Isle Of Man"]
[Date "2023.10.26"]
[Round "2.20"]
[White "Gukesh, D"]
[Black "Ponomariov, Ruslan"]
[Result "1/2-1/2"]
[TimeControl "40/90 + 30 + 30s/move"]
[WhiteFideId "46616543"]
[BlackFideId "14103320"]
[WhiteElo "2758"]
[BlackElo "2641"]

1. e4 e5 2. Nf3 Nc6 3. Bc4 Nf6 4. d3 h6 5. c3 d6 6. O-O g6 7. a4 Bg7 8. a5 a6 9. Nbd2 O-O 10.
Re1 Rb8 11. b4 Re8 12. Qb3 Be6 13. Bxe6 Rxe6 14. Qc2 Re8 15.
Nb3 d5 16. Be3 Qd6 17. h3 Nd7 18. Bd2 Nf8 19. Nc5 Ne6 20.
Nxe6 Qxe6 21. Reb1 Red8 22. Be3 Ne7 23. b5 axb5 24. Rxb5 dxe4 25. dxe4 Nc8 26. c4 Qa6 27. Ra4 Nd6 28.
Rc5 Rbc8 29. Nxe5 Re8 30. f4 Re6 31. Rd5 Rce8 32. c5 Nb5 33. Qd3 g5 34. c6 bxc6 35. Nxc6 Qxc6 36. Qxb5 Qxb5 37.
Rxb5 Rxe4 38. Rxe4 Rxe4 39. Bd2 Rd4 40. Be3 Ra4 41. fxg5 Bc3 42. gxh6 Rxa5 43. Rb8+ Kh7 44. Kf2 Ra2+ 45.
Kf3 Bd2 46. Rb3 Bxe3 47. Rxe3 Ra6 48. g4 Kxh6 49. Rc3 f5 50. gxf5 Kg5 51. Rc5 Ra4 1/2-1/2

[Event "FIDE Grand Swiss 2023"]
[Site "Villa Marina, Douglas, Isle of Man, Isle Of Man"]
[Date "2023.10.26"]
[Round "2.21"]
[White "Murzin, Volodar"]
[Black "Praggnanandhaa, R"]
[Result "1/2-1/2"]
[TimeControl "40/90 + 30 + 30s/move"]
[WhiteFideId "44155573"]
[BlackFideId "25059530"]
[WhiteElo "2633"]
[BlackElo "2738"]

1. d4 Nf6 2. c4 e6 3. Nf3 d5 4. Nc3 c6 5. e3 Nbd7 6. Qc2 Bd6 7. Bd3 dxc4 8. Bxc4 b5 9. Bd3 Bb7 10.
O-O a6 11. a4 O-O 12. Ng5 Bxh2+ 13. Kxh2 Ng4+ 14. Kg1 Qxg5 15. f3 Ngf6 16. e4 Qh4 17. Be3 e5 18. Ne2 Nh5 19. axb5 axb5 20.
Qc3 exd4 21. Bxd4 Rfe8 22. b4 Nf8 23. Rxa8 Rxa8 24. Ra1 Rd8 25. Bc2 Ng6 26. Bb6 Rd7 27. Rd1 Rxd1+ 28. Bxd1 h6 29.
Bb3 Nhf4 30. Nxf4 Nxf4 31. Qd2 Bc8 32. Bc7 Be6 33. Bxf4 Bxb3 34. Be3 Bc4 35. Bf2 Qf6 36. Bd4 Qd6 37.
Bc3 Qe7 38. Qd4 f6 39. Qb6 Qe8 40. Qc7 Be6 41. Bd4 Bd7 42. Qd6 Qe6 43. Qxe6+ Bxe6 1/2-1/2

[Event "FIDE Grand Swiss 2023"]
[Site "Villa Marina, Douglas, Isle of Man, Isle Of Man"]
[Date "2023.10.26"]
[Round "2.22"]
[White "Vachier-Lagrave, Maxime"]
[Black "Durarbayli, Vasif"]
[Result "1/2-1/2"]
[TimeControl "40/90 + 30 + 30s/move"]
[WhiteFideId "623539"]
[BlackFideId "13402935"]
[WhiteElo "2727"]
[BlackElo "2625"]

1. e4 e5 2. Nf3 Nc6 3. Bb5 a6 4.
Ba4 Nf6 5. O-O Be7 6. Re1 b5 7. Bb3 O-O 8. a4 Bb7 9. d3 d6 10. Nbd2 Nd7 11. c3 Nc5 12. axb5 axb5 13. Rxa8 Qxa8 14.
Bc2 b4 15. d4 bxc3 16. bxc3 Nd7 17. h4 Bf6 18. d5 Ncb8 19. h5 Nc5 20. h6 g6 21. Nb3 Nxb3 22. Bxb3 Nd7 23. Be3 Be7 24.
c4 Nf6 25. Qd3 Ng4 26. c5 Bc8 27. Bd2 Qa7 28. Rc1 Ba6 29. Bc4 Bxc4 30. Qxc4 Qxc5 31. Qe2 Qa7 32. Nh2 Nxh2 33. Kxh2 Bd8 34.
f4 Qd4 35. Bc3 Qa4 36. fxe5 Bg5 37. Ra1 Bf4+ 38. g3 Qb3 39. gxf4 Qxc3 40. Rb1 dxe5 41. Qb2 Qe3 42. Qxe5 Qf2+ 43.
Kh3 Qf3+ 44. Kh2 Qf2+ 1/2-1/2

[Event "FIDE Grand Swiss 2023"]
[Site "Villa Marina, Douglas, Isle of Man, Isle Of Man"]
[Date "2023.10.26"]
[Round "2.23"]
[White "Aryan, Chopra"]
[Black "Keymer, Vincent"]
[Result "1/2-1/2"]
[TimeControl "40/90 + 30 + 30s/move"]
[WhiteFideId "5084423"]
[BlackFideId "12940690"]
[WhiteElo "2634"]
[BlackElo "2717"]

1. e4 e5 2. Nf3 Nc6 3. Bc4 Nf6 4. d3 Bc5 5. c3 a6 6. a4 Ba7 7. O-O O-O 8. Re1 Re8 9. Bg5 h6 10.
Bh4 d6 11. Nbd2 g5 12. Bg3 Nh7 13. Nf1 Nf8 14. Ne3 Ng6 15. h3 Kg7 16. b4 Bxe3 17. fxe3 h5 18. Rf1 Rf8 19. b5 axb5 20.
axb5 Rxa1 21. Qxa1 Nb8 22. Qe1 Nd7 23. h4 f6 24. d4 Qe7 25. Nd2 Nb6 26. Be2 Rh8 27. Nc4 Nxc4 28. Bxc4 Be6 29.
Be2 b6 30. Qf2 Bf7 31. c4 Be6 32. Ra1 Kh6 33. Ra7 Rf8 34. Bd3 Bg4 35. Ra1 f5 36. exf5 gxh4 37. Bh2 e4 38. Bf4+ Nxf4 39.
Qxf4+ Qg5 40. Qxe4 Bxf5 41. Qf3 Rf7 42. Bxf5 Rxf5 43. Qh3 Qg4 44. Rf1 Rxf1+ 45. Kxf1 Qd1+ 46. Kf2 Qc2+ 47. Kg1 Qxc4 1/2-1/2